 Dungeon Crawl Stone Soup version 0.29.1-15-g9cfb28693d (webtiles) character file.

Game seed: 7438267471398615696

220 Smoke131 the Firebug (level 5, -1/38 HPs)
             Began as a Draconian Fire Elementalist on Feb 25, 2023.
             Killed by divine providence
             ... invoked by an orc priest
              (14 damage)
             ... on level 4 of the Dungeon.
             The game lasted 00:07:17 (3453 turns).

Smoke131 the Firebug (Draconian Fire Elementalist)  Turns: 3453, Time: 00:07:17

Health: -1/38      AC:  5    Str: 10    XL:     5   Next: 64%
Magic:  5/9        EV: 13    Int: 18    God:
Gold:   67         SH:  0    Dex: 17    Spells: 4/10 levels left

rFire   + . .      SeeInvis .   d - staff of conjuration
rCold   . . .      Faith    .   (no shield)
rNeg    . . .      Spirit   .   (body armour unavailable)
rPois   .          Reflect  .   p - +0 hat
rElec   .          Harm     .   (no cloak)
rCorr   .          Rampage  .   (no gloves)
Will    .....                   (no boots)
Stlth   ++........              l - amulet of the acrobat
HPRegen 0.12/turn               o - +6 ring of dexterity
MPRegen 0.11/turn               q - ring of protection from fire

@: no status effects
A: AC +5, unfitting armour, cold-blooded
a: no special abilities


You were on level 4 of the Dungeon.
You visited 1 branch of the dungeon, and saw 4 of its levels.

You collected 67 gold pieces.

Inventory:

Armour
 p - a +0 hat (worn)
Magical Staves
 d - a staff of conjuration (weapon)
Jewellery
 l - an amulet of the acrobat (around neck)
 o - a +6 ring of dexterity (left hand)
 q - a ring of protection from fire (right hand)
Scrolls
 a - a scroll of fear {unknown}
 c - 2 scrolls of teleportation
Potions
 j - 2 potions of attraction
 k - a potion of lignification {unknown}
 m - a potion of mutation {unknown}
 n - 2 potions of curing {unknown}
 r - a potion of haste {unknown}


   Skills:
 + Level 3.0 Dodging
 - Level 1.7 Stealth
 + Level 3.2 Spellcasting
 + Level 2.8 Conjurations
 + Level 4.0 Fire Magic


You had 4 spell levels left.
You knew the following spells:

 Your Spells              Type           Power      Damage    Failure   Level
a - Foxfire               Conj/Fire      92%        2x1d8     3%          1
b - Scorch                Fire           34%        2d7       4%          2
c - Conjure Flame         Conj/Fire      23%        6-21      12%         3

Your spell library contained the following spells:

 Spells                   Type           Power      Damage    Failure   Level
 Freeze                   Ice            8%         1d3       16%         1
 Inner Flame              Hex/Fire       10%        N/A       21%         3
 Ignite Poison            Fire/Tmut/Pois 7%         N/A       26%         3
 Mephitic Cloud           Conj/Pois/Air  9%         N/A       32%         3
 Flame Wave               Conj/Fire      23%        2d8       36%         4
 Frozen Ramparts          Ice            4%         1d1       43%         3
 Gell's Gravitas          Tloc           2%         N/A       43%         3
 Teleport Other           Tloc           2%         N/A       43%         3
 Hailstorm                Conj/Ice       12%        3d5       65%         4
 Freezing Cloud           Conj/Ice/Air   4%         6-21      96%         5
 Dispersal                Tloc           1%         N/A       100%        6
 Borgnjor's Revivificati  Necr           1%         N/A       100%        8
 Necromutation            Tmut/Necr      1%         N/A       100%        8
 Death's Door             Necr           1%         N/A       100%        9


Dungeon Overview and Level Annotations

Branches:
Dungeon (4/15)
 Temple: D:4-7

Altars:
Gozag
Kikubaaqudgha
Nemelex Xobeh
Ru


Innate Abilities, Weirdness & Mutations

Your plain brown scales are hard. (AC +5)
You cannot fit into any form of body armour.
You are cold-blooded and may be slowed by cold attacks.


Message History

The giant cockroach is heavily wounded.
The giant cockroach misses you.
You barely miss the giant cockroach.
The giant cockroach is heavily wounded.
The giant cockroach barely misses you. The giant cockroach bites you.
You closely miss the giant cockroach.
You tail-slap the giant cockroach, but do no damage.
The giant cockroach is heavily wounded.
The giant cockroach barely misses you.
You hit the giant cockroach but do no damage.
The giant cockroach is heavily wounded.
The giant cockroach closely misses you.
You barely miss the giant cockroach.
Your tail-slap misses the giant cockroach.
The giant cockroach is heavily wounded.
The giant cockroach closely misses you. The giant cockroach barely misses you.
The orc priest shouts!
You hit the giant cockroach.
The giant cockroach is almost dead.
You hear an angry hiss.
The giant cockroach misses you.
The orc priest casts a cantrip, but nothing happens.
You hit the giant cockroach but do no damage.
The giant cockroach is almost dead.
The giant cockroach bites you but does no damage.
The giant cockroach closely misses you.
Casting: Scorch (safe; 4% risk of failure)
Confirm with . or Enter, or press ? or * to list all spells.
Flames lash the orc priest.
The orc priest is heavily wounded.
The orc priest's fire resistance burns away.
The giant cockroach bites you.
Casting: Scorch (safe; 4% risk of failure)
Confirm with . or Enter, or press ? or * to list all spells.
Flames lash the giant cockroach.
You kill the giant cockroach!
You hear an angry hiss.
The orc priest mumbles some strange prayers to Beogh against you.
Beogh smites you!
You die...

#.##..##.#.###.
####.##..##.#.....
#.....#...........
#.##..............
#.###.#.##...####.
#.##..............
#.##...###...##..)
#........##.###.#)
#@..........# #.#)
#.o......#### #.#)
........##...##
#.#. ..o.....#
...# ..##
######..# .... ...
#..# #### ...#
#.## #.


You could see an orc priest (combustible).

Vanquished Creatures
  A scorpion (D:3)
  2 orc priests
  An iguana (D:4)
  2 adders
  A worm (D:3)
  A dart slug (D:1)
  7 orcs (D:4)
  3 ball pythons
  4 endoplasms
  4 giant cockroaches
  3 goblins
  5 hobgoblins
  2 jackals (D:2)
  3 quokkas (D:3)
  3 bats
  2 frilled lizards
  4 rats
48 creatures vanquished.

Vanquished Creatures (others)
  47 foxfires
47 creatures vanquished.

Grand Total: 95 creatures vanquished

Notes
Turn   | Place    | Note
-------+----------+-------------------------------------------
     0 | D:1      | Smoke131 the Draconian Fire Elementalist began the quest
                  | for the Orb.
     0 | D:1      | Reached XP level 1. HP: 14/14 MP: 3/3
   324 | D:1      | Reached XP level 2. HP: 17/20 MP: 5/5
   327 | D:1      | Learned a level 2 spell: Scorch
  1409 | D:2      | Found a faded altar of an unknown god.
  1453 | D:2      | Reached XP level 3. HP: 26/26 MP: 2/6
  1834 | D:3      | Found an ancient bone altar of Kikubaaqudgha.
  1834 | D:3      | Found a sparkling altar of Nemelex Xobeh.
  1842 | D:3      | Found a sacrificial altar of Ru.
  1844 | D:3      | Found an opulent altar of Gozag.
  1846 | D:3      | Found a faded altar of an unknown god.
  2219 | D:3      | Noticed a scorpion
  2224 | D:3      | Killed a scorpion
  2225 | D:3      | Reached XP level 4. HP: 29/33 MP: 1/8
  2956 | D:3      | Reached XP level 5. HP: 15/38 MP: 1/9
  3224 | D:4      | Reached skill level 4 in Fire Magic
  3302 | D:4      | Learned a level 3 spell: Conjure Flame
  3453 | D:4      | Killed from afar by an orc priest

Illustrated notes

Levels and vault maps discovered:
D:1:      dpeg_arrival_simpleton_a, layout_basic, minmay_split_cup_large
D:2:      layout_rooms, ebering_ecumenical_altar_rust, grunt_decor_fettered
D:3:      layout_loops_ring, chequers_temple_overflow_minitemple
D:4:      layout_loops_ring, gup_sewer_entry_pipe

Skill      XL: |  1  2  3  4  5 |
---------------+----------------+-----
Dodging        | 2 3 |  3.0
Conjurations   | 2 |  2.8
Spellcasting   | 3 |  3.2
Fire Magic     | 4 |  4.0
Stealth        | |  1.7

Action                   |  1- 3 |  4- 6 || total
-------------------------+-------+-------++-------
Melee: Staff             |    60 |    57 ||   117
       Tailslap          |     5 |     9 ||    14
       Unarmed           |     2 |       ||     2
       Punch             |       |     1 ||     1
 Cast: Foxfire           |    24 |     5 ||    29
       Scorch            |     2 |    19 ||    21
  Use: Scroll            |       |     7 ||     7
       Potion            |       |     1 ||     1
 Stab: Sleeping          |     2 |     1 ||     3
Armor: Skin              |    24 |    10 ||    34
Dodge: Dodged            |    50 |    45 ||    95
